 Dungeon Crawl Stone Soup version 0.31-a0-995-g04711c9635 (webtiles) character file.

Game seed: 16297544182074494563

79 night the Ruffian (level 4, -10/29 HPs)
             Began as an Octopode Shapeshifter on Nov 6, 2023.
             Shot with an arrow by a centaur (11 damage)
             ... on level 3 of the Dungeon.
             The game lasted 00:03:20 (1889 turns).

night the Ruffian (Octopode Shapeshifter)           Turns: 1889, Time: 00:03:21

Health: -10/29     AC:  1    Str: 15    XL:     4   Next: 38%
Magic:  4/4        EV: 13    Int: 12    God:
Gold:   127        SH:  0    Dex: 11    Spells: 3/3 levels left

rFire   . .          .
                       - Unarmed
rCold   . . .        (no shield)
rNeg    . . .        (helmet currently unavailable)
rPois   .            (no amulet)
rElec   .            (no ring)
rCorr   .            (no ring)
SInv    .            (no ring)
Will    .....        (no ring)
Stlth   +++          (no ring)
HPRegen 0.24/turn    (no ring)
MPRegen 0.09/turn    (no ring)
                     (no ring)

%: no passive effects
@: beast-form
A: beast (slay +1), almost no armour, amphibious, 8 rings, camouflage 1,
gelatinous body 1, (nimble swimmer 1), tentacles
a: Begin Untransformation


You were on level 3 of the Dungeon.
You were a hulking beast.
You visited 1 branch of the dungeon, and saw 3 of its levels.

You collected 127 gold pieces.

Inventory:

Missiles
 i - 9 stones
 l - 3 poisoned darts
Talismans
 b - a beast talisman
 c - a flux talisman
Scrolls
 f - 2 scrolls of identify {unknown}
 h - a scroll of revelation {unknown}
 n - a scroll of immolation {unknown}
 o - a scroll of acquirement {unknown}
Potions
 a - 2 potions of lignification
 d - 2 potions of curing {unknown}
 e - a potion of brilliance {unknown}
 g - a potion of degeneration {unknown}
 j - 2 potions of attraction {unknown}
 k - a potion of heal wounds {unknown}
 m - a potion of might {unknown}


   Skills:
 + Level 1.7 Fighting
 + Level 2.5 Dodging
 + Level 1.9 Stealth
 * Level 3.8 Unarmed Combat
 + Level 3.3 Shapeshifting


You had 3 spell levels left.
You didn't know any spells.
Your spell library contained the following spells:

 Spells                   Type           Power      Damage    Failure   Level
 Poisonous Vapours        Pois/Air       0%         N/A       45%         2
 Inner Flame              Hex/Fire       0%         N/A       69%         3
 Mephitic Cloud           Conj/Pois/Air  0%         N/A       69%         3
 Freezing Cloud           Conj/Ice/Air   0%         6-21      100%        5
 Yara's Violent Unravell  Hex/Tmut       0%         3d3       100%        5
 Enfeeble                 Hex            0%         N/A       100%        7


Dungeon Overview and Level Annotations

Branches:
Dungeon (3/15)

Altars:


Innate Abilities, Weirdness & Mutations

You are a hulking beast.
Your limbs bulge with bestial killing power. (Slay +1)
You cannot wear most types of armour.
You are amphibious.
You can wear up to eight rings at the same time.
Your skin changes colour to match your surroundings (Stealth+).
Your rubbery body absorbs attacks. (AC +1, EV +1)
((You are camouflaged when in or above water. (Stealth+)))
You have tentacles for arms and can constrict up to eight enemies at once.


Message History

You kill the frilled lizard!
No target in view!
n - a scroll labelled NOMUP MYCAFUZI
Found a stone staircase leading up.
You see here a frilled lizard corpse.
You now have 127 gold pieces (gained 16).
Found a stone staircase leading up.
A ball python comes into view.
Found a scroll labelled NEN QAKIROVEN.
There is a stone staircase leading up here.
The helpless ball python fails to defend itself.
You tentacle-slap the ball python.
You kill the ball python!
You see here a ball python corpse.
Found a faded altar of an unknown god.
A rat comes into view.
You see here a scroll labelled NEN QAKIROVEN.
o - a scroll labelled NEN QAKIROVEN You bludgeon the rat!
You kill the rat!
No target in view!
a - 2 potions of lignification (gained 1)
There is a faded altar of an unknown god here.
A frilled lizard comes into view.
Found a fading war axe.
The frilled lizard misses you.
You tentacle-slap the frilled lizard.
You kill the frilled lizard!
A centaur comes into view.
Found 9 gold pieces.
The centaur shouts!
The centaur wields a +0 orcbow.
The centaur shoots an arrow.
The arrow hits you!
The centaur shoots an arrow.
The arrow hits you.
The centaur shoots an arrow.
The arrow hits you.
Found a scroll labelled WAON VUOKKIU.
The centaur shoots an arrow.
The arrow hits you!
* * * LOW HITPOINT WARNING * * *
A frilled lizard comes into view.
The centaur shoots an arrow.
The arrow hits you!
You die...

#.# ..# #..# ###
#..# # #.c# #
#..#### #
##...?. # .... #
########.# ####
## l......h.#
...###.#
########.#
..#...## #.##
##..8.⌠# #..#
#.8..###### ##.#
#...#_#⌠#.#
###.#####.#
#.#⌠#∩#...##
#####.........#
######..8.#
#..............
#⌠.8..##
##.###.#.####.##


You could see a centaur and a frilled lizard (wandering).

Vanquished Creatures
  2 adders (D:2)
  2 dart slugs (D:2)
  6 orcs
  5 ball pythons
  2 endoplasms
  2 giant cockroaches (D:1)
  5 goblins
  5 hobgoblins (D:2)
  2 jackals (D:1)
  3 quokkas
  5 bats
  4 frilled lizards
  2 kobolds
  6 rats
51 creatures vanquished.

Notes
Turn   | Place    | Note
-------+----------+-------------------------------------------
     0 | D:1      | night the Octopode Shapeshifter began the quest for the
                  | Orb.
     0 | D:1      | Reached XP level 1. HP: 13/13 MP: 1/1
   211 | D:1      | Reached XP level 2. HP: 18/18 MP: 2/2
   484 | D:1      | Reached skill level 1 in Stealth
   874 | D:2      | Reached XP level 3. HP: 15/23 MP: 3/3
  1148 | D:2      | Reached XP level 4. HP: 29/29 MP: 4/4
  1847 | D:3      | Found a faded altar of an unknown god.
  1886 | D:3      | Noticed a centaur
  1889 | D:3      | Identified the +0 war axe of Discomfort {speed, rCorr}
  1889 | D:3      | HP: 1/29 [centaur/arrow (10)]
  1889 | D:3      | Shot with an arrow by a centaur

Illustrated notes

Levels and vault maps discovered:
D:1:      scummos_arrival_forest, layout_basic, nrook_campfire,
          minmay_misc_feat_alley
D:2:      layout_loops_cross, minmay_misc_feat_roman, minmay_strange_pillars,
          hangedman_abyss_or_decor_lesser_grid
D:3:      layout_loops_ring, shapermc_ecumenical_altar_venn,
          grunt_decor_junction, grunt_ministairs_12,
          wander_ebering_terrifying_dragon_lair

Skill      XL: |  1  2 |
---------------+-------+-----
Stealth        | 1 |  1.9
Fighting       | |  1.7
Dodging        | |  2.5
Unarmed Combat | |  3.8
Shapeshifting  | |  3.3

Action                     |  1- 3 |  4- 6 || total
---------------------------+-------+-------++-------
  Melee: Unarmed           |    65 |    28 ||    93
         Constrict         |    14 |     8 ||    22
         Punch             |     2 |     1 ||     3
         Tentacles         |    10 |     5 ||    15
   Stab: Sleeping          |     5 |     3 ||     8
 Armour: Skin              |    21 |    11 ||    32
  Dodge: Dodged            |    27 |    11 ||    38

Table legend: (Time is in decaauts)
 A = Elapsed time spent in this place.
 B = Non-inter-level travel time spent in this place.
 C = Inter-level travel time spent in this place.
 D = Time resting spent in this place.
 E = Time spent auto-exploring this place.
 F = Levels seen in this place.
 G = Mean time per level.
                   A        B        C        D        E       F      G
               +--------+--------+--------+--------+--------+-----+--------+
         Total |   1882 |   1863 |     19 |     99 |   1398 |   3 |  627.3 |
       Dungeon |   1882 |   1863 |     19 |     99 |   1398 |   3 |  627.3 |
               +--------+--------+--------+--------+--------+-----+--------+

Top non-repeatable levels by time:
     D:1: 860 daAuts
     D:2: 790 daAuts
     D:3: 231 daAuts
